Map: Lightshade LE

Players

Neeb

  • Race: Protoss Protoss

Scarlett - Winner!

  • Race: Zerg Zerg

Event: DreamHack SC2 Masters 2021 Winter

VOD

Have the link to the VOD?

Description

Time

  • Played on: Oct. 17, 2021, 4:58 p.m.
  • Length: 9:58

All games in this series

Show
View Real Time Build Order
Export as new Build Order

Neeb Protoss 

Build Orders: 1 Gate Expand, Mass Adepts 

Get SALT Encoding   

  12  0:00  Probe  
  13  0:12  Probe  
  14  0:20  Pylon  
  14  0:24  Probe  
  15  0:38  Probe (Chrono Boost)  
  15  0:42  Gateway  
  16  0:47  Assimilator, Probe (Chrono Boost)  
  17  0:52  Probe (Chrono Boost)  
  18  1:04  Probe  
  19  1:16  Probe  
  20  1:25  Nexus  
  20  1:34  Cybernetics Core  
  20  1:36  Probe  
  21  1:42  Assimilator  
  21  1:48  Probe  
  21  1:52  Pylon  
  22  2:00  Probe (Chrono Boost)  
  23  2:10  Adept, Warp Gate  
  23  2:11  Probe (Chrono Boost)  
  26  2:16  Probe (Chrono Boost)  
  27  2:24  Twilight Council  
  27  2:28  Probe (Chrono Boost)  
  28  2:34  Probe (Chrono Boost)  
  29  2:39  Probe (Chrono Boost)  
  29  2:40  Stalker  
  33  2:47  Probe x2 (Chrono Boost)  
  34  2:53  Robotics Facility  
  34  2:54  Probe  
  34  2:55  Probe  
  36  3:03  Resonating Glaives (Chrono Boost), Gateway  
  36  3:06  Probe  
  36  3:09  Probe  
  38  3:17  Gateway  
  38  3:23  Gateway  
  38  3:25  Adept  
  40  3:29  Probe x2  
  42  3:37  Warp Prism (Chrono Boost)  
  44  3:41  Pylon  
  44  3:44  Probe  
  44  3:45  Probe  
  46  3:49  Pylon  
  46  3:59  Probe x2  
  48  4:03  Adept x2  
  48  4:06  Observer, Pylon  
  53  4:12  Assimilator, Probe  
  54  4:24  Adept x2  
  54  4:25  Adept x2  
  54  4:27  Probe x2  
  54  4:28  Pylon  
  64  4:35  Assimilator  
  64  4:46  Adept x3  
  64  4:47  Adept  
  64  4:48  Probe x2  
  74  4:57  Forge  
  74  5:00  Probe  
  74  5:05  Probe  
  74  5:10  Adept x2  
  74  5:11  Blink (Chrono Boost)  
  78  5:18  Pylon  
  78  5:19  Pylon  
  78  5:24  Protoss Ground Weapons Level 1 (Chrono Boost)  
  78  5:30  Nexus  
  78  5:31  Probe  
  78  5:33  Pylon  
  77  5:38  Probe  
  78  5:46  Gateway  
  78  5:47  Gateway, Probe  
  79  5:50  Sentry x3  
  79  5:51  Sentry  
  79  5:53  Probe  
  88  6:01  Probe  
  88  6:04  Pylon  
  89  6:05  Probe  
  89  6:06  Shield Battery  
  90  6:13  Probe  
  90  6:17  Probe  
  92  6:22  Stalker x3  
  92  6:23  Stalker  
  92  6:25  Probe  
  101  6:31  Probe, Pylon  
  102  6:40  Probe  
  102  6:45  Probe  
  104  6:51  Stalker x5  
  104  6:52  Probe  
  104  6:53  Probe  
  116  6:59  Probe  
  117  7:04  Probe  
  117  7:05  Pylon  
  118  7:09  Charge (Chrono Boost)  
  118  7:13  Robotics Bay, Probe  
  118  7:14  Assimilator  
  119  7:17  Robotics Facility, Assimilator, Probe  
  119  7:21  Probe  
  121  7:25  Stalker x3  
  121  7:27  Zealot  
  129  7:34  Probe  
  128  7:39  Probe  
  128  7:42  Probe  
  125  7:52  Probe x2  
  125  8:00  Gateway  
  125  8:01  Gateway  
  125  8:03  Pylon x2  
  125  8:04  Photon Cannon  
  125  8:06  Photon Cannon  
  125  8:07  Disruptor (Chrono Boost)  
  131  8:12  Disruptor (Chrono Boost)  
  131  8:24  Photon Cannon  
  131  8:28  Probe x2  
  131  8:30  Gateway  
  131  8:32  Gateway  
  133  8:35  Templar Archives  
  133  8:42  Nexus  
  133  8:43  Colossus (Chrono Boost)  
  133  8:44  Colossus (Chrono Boost)  
  144  9:05  Stalker x4  
  152  9:12  Probe  
  141  9:21  Stalker x4  
  135  9:36  Stalker x4  
  112  9:48  Stalker x3  
Show
View Real Time Build Order
Export as new Build Order

Scarlett Zerg - Winner!

Build Orders: Hatch First 

Get SALT Encoding   

  12  0:00  Drone  
  13  0:12  Overlord  
  13  0:17  Drone  
  14  0:30  Drone x2  
  16  0:47  Hatchery  
  15  0:51  Drone  
  15  0:54  Drone  
  17  0:57  Drone  
  18  1:08  Extractor  
  17  1:13  Spawning Pool  
  17  1:17  Drone  
  17  1:19  Drone  
  18  1:28  Drone  
  19  1:39  Drone  
  20  1:50  Drone  
  21  2:00  Zergling x2, Queen x2  
  26  2:01  Overlord  
  26  2:11  Drone x2  
  26  2:14  Metabolic Boost  
  28  2:21  Drone x2  
  30  2:33  Hatchery  
  30  2:35  Drone  
  30  2:42  Queen  
  32  2:46  Overlord  
  32  2:50  Drone  
  33  2:52  Drone  
  33  2:54  Drone  
  33  2:55  Drone  
  36  3:05  Overlord  
  36  3:06  Drone  
  36  3:07  Drone  
  36  3:08  Drone  
  36  3:09  Drone  
  40  3:13  Queen  
  40  3:16  Drone  
  40  3:18  Drone  
  44  3:26  Drone  
  45  3:34  Overlord  
  45  3:36  Drone  
  45  3:39  Drone, Queen  
  49  3:43  Drone x2  
  49  3:44  Drone  
  49  3:48  Roach Warren  
  51  3:49  Overlord  
  51  3:53  Drone x4  
  55  3:59  Overlord  
  55  4:00  Overlord  
  55  4:01  Zergling x2  
  55  4:02  Zergling x2  
  57  4:09  Zergling x2  
  58  4:15  Zergling x10  
  58  4:16  Spore Crawler  
  62  4:17  Spore Crawler  
  61  4:25  Zergling x4  
  61  4:30  Roach x4  
  72  4:34  Roach  
  72  4:35  Roach  
  76  4:43  Roach  
  76  4:44  Roach  
  80  4:48  Overlord  
  80  4:50  Zergling x10, Roach  
  87  4:58  Overlord  
  87  4:59  Drone x3  
  90  5:05  Spore Crawler  
  90  5:06  Drone  
  90  5:07  Spore Crawler  
  90  5:13  Drone, Extractor, Overlord  
  90  5:14  Drone x2, Extractor  
  93  5:18  Drone x6  
  98  5:22  Overlord  
  98  5:23  Drone x3  
  98  5:26  Extractor  
  98  5:27  Evolution Chamber  
  99  5:34  Drone x3  
  102  5:40  Drone x2  
  104  5:43  Spore Crawler  
  104  5:46  Spore Crawler  
  104  5:47  Drone x6  
  108  5:54  Lair  
  108  5:56  Drone x6  
  114  5:58  Drone  
  114  6:01  Extractor  
  114  6:03  Extractor  
  113  6:05  Overlord  
  113  6:07  Drone  
  113  6:08  Zerg Missile Weapons Level 1  
  113  6:10  Overlord  
  114  6:14  Roach  
  114  6:15  Roach x3  
  114  6:16  Hatchery  
  121  6:23  Overlord x5  
  121  6:26  Baneling Nest  
  120  6:40  Roach x5  
  120  6:43  Ravager x3  
  120  6:44  Zergling x10, Spore Crawler  
  137  6:49  Roach x4  
  145  7:00  Overlord  
  145  7:01  Glial Reconstitution  
  145  7:05  Overseer  
  145  7:06  Zergling x8  
  145  7:07  Hatchery  
  148  7:12  Centrifugal Hooks  
  148  7:17  Drone x6  
  148  7:21  Drone  
  148  7:22  Drone x5  
  160  7:27  Roach  
  160  7:28  Roach  
  164  7:34  Roach x2  
  165  7:43  Roach x6  
  173  7:49  Overlord x3  
  162  7:55  Zergling x2, Roach x2  
  162  7:56  Zergling x8  
  169  8:01  Zergling x6  
  172  8:09  Zergling x10  
  177  8:17  Zergling x6, Spore Crawler  
  177  8:18  Ravager  
  177  8:19  Ravager x2  
  182  8:20  Zergling x8  
  182  8:22  Zergling x2  
  182  8:23  Zergling x2  
  182  8:26  Zergling x8  
  192  8:29  Zergling x2  
  192  8:31  Zergling x8  
  197  8:38  Zergling x4  
  199  8:42  Baneling x22  
  199  8:44  Overlord  
  199  8:48  Baneling x17  
  199  9:00  Baneling x6  
  188  9:04  Zergling x26  
  197  9:16  Zergling x20  
  197  9:17  Zergling x8  
  179  9:25  Zergling x14  
  181  9:35  Roach x2  
  181  9:36  Roach x6  

Tags
 
Add a new tag
Caveats
  • Supply blocks, unpowered buildings, or Contaminate may cause inaccurate times.
  • Supply counts are checked every 10 seconds.